 Dungeon Sprint DCSS version 0.32-a0-876-gcfddb08e57 (webtiles) character file.

Game seed: 2916304500129912475

11 Conn the Firebug (level 2, -1/27 HPs)
             Began as an Octopode Fire Elementalist on Apr 1, 2024.
             Was a Follower of Sif Muna.
             Slain by Crazy Yiuf
             ... wielding a +4 quarterstaff of chaos
              (24 damage)
             ... in the Dungeon (Sprint VII: "The Pits").
             The game lasted 00:01:18 (106 turns).

Conn the Firebug (Octopode Fire Elementalist)        Turns: 106, Time: 00:01:18

Health: -1/27      AC:  1    Str:  7    XL:     2   Next: 29%
Magic:  2/5        EV: 12    Int: 17    God:    Sif Muna [*.....]
Gold:   0          SH:  0    Dex: 12    Spells: 3/6 levels left

rFire   . . .        g - +2 falchion
rCold   . . .        (no shield)
rNeg    . . .        (helmet restricted)
rPois   .            (no amulet)
rElec   .            (no ring)
rCorr   .            (no ring)
SInv    .            (no ring)
Will    .....        (no ring) Stlth
                     (no ring)
HPRegen 0.24/turn    (no ring)
MPRegen 0.09/turn    (no ring)
                     (no ring)

%: no teleportation
@: berserking, fragile (+50% incoming damage), very quick
A: almost no armour, amphibious, 8 rings, camouflage 1, gelatinous body 1,
(nimble swimmer 1), tentacles
a: Renounce Religion, Channel Magic


You were in the Dungeon.
You worshipped Sif Muna.
Sif Muna was aware of your devotion.
You visited 1 branch

Inventory:

Hand Weapons
 g - a +2 falchion (weapon)
Scrolls
 f - a scroll of blinking
 i - 2 scrolls of vulnerability
 j - 5 scrolls of amnesia
 k - a scroll of summoning
Potions
 a - 5 potions of magic
 b - a potion of curing
 c - a potion of heal wounds
 d - a potion of haste
 e - 2 potions of berserk rage
 h - 2 potions of invisibility


   Skills:
 + Level 0.9 Fighting
 + Level 2.4 Dodging
 + Level 3.3 Stealth
 * Level 2.7 Spellcasting
 * Level 2.0 Conjurations
 + Level 3.6 Fire Magic
 + Level 1.0 Invocations


You had 3 spell levels left.
You knew the following spells:

 Your Spells              Type           Power      Damage    Failure   Level
a - Foxfire               Conj/Fire      48%        2x1d6     5%          1
b - Scorch                Fire           28%        2d6       6%          2

Your spell library contained the following spells:

 Spells                   Type           Power      Damage    Failure   Level
 Inner Flame              Hex/Fire       8%         N/A       26%         3
 Volatile Blastmotes      Fire/Tloc      16%        2d11      26%         3
 Flame Wave               Conj/Fire      12%        2d6       50%         4


Dungeon Overview and Level Annotations

Branches:
Dungeon (1/1)

Altars:
Ashenzari
Cheibriados
Dithmenos
Elyvilon
Fedhas
Gozag
Hepliaklqana
Kikubaaqudgha
Makhleb
Nemelex Xobeh
Okawaru
Qazlal
Ru
Sif Muna
Trog
Uskayaw
Vehumet
Wu Jian
Xom
Yredelemnul
Zin
The Shining One
Beogh
Jiyva
Lugonu

Annotations:
D Crazy Yiuf


Innate Abilities, Weirdness & Mutations

You cannot wear most types of armour.
You are amphibious.
You can wear up to eight rings at the same time.
Your skin changes colour to match your surroundings (Stealth+).
Your rubbery body absorbs attacks. (AC +1, EV +1)
((You are camouflaged when in or above water. (Stealth+)))
You have tentacles for arms and can constrict up to eight enemies at once.


Message History

The bat skeleton barely misses you. The bat skeleton hits you.
The glass eye gazes at you.
You feel your fragility will last longer.
There is an open door here.
The bat skeleton hits you but does no damage.
The bat skeleton hits you.
The bat skeleton attacks as it pursues you!
The bat skeleton hits you but does no damage. x2
The bat skeleton barely misses you. The bat skeleton misses you.
The bat skeleton misses you.
The bat skeleton hits you but does no damage.
There is an open door here.
You hit the bat skeleton. You grab the bat skeleton.
The bat skeleton is moderately damaged.
You constrict the bat skeleton. The bat skeleton misses you.
The bat skeleton hits you. x2; You lose your grip on something.
Unknown command.
You hit the goblin.
You kill the goblin!
Sif Muna accepts your kill. The bat skeleton barely misses you.
The bat skeleton hits you but does no damage.
Your Conjurations skill increases to level 2!
You hit the bat skeleton.
You destroy the bat skeleton!
Sif Muna accepts your kill.
Your Invocations skill increases to level 1!
Casting: Scorch (safe; 6% risk of failure)
Confirm with . or Enter, or press ? or * to list all spells.
Okay, then.
Unknown command.
Unknown command.
A red film seems to cover your vision as you go berserk!
You feel yourself moving faster!
You feel mighty! Crazy Yiuf barely misses you.
You barely miss Crazy Yiuf. Your grab misses Crazy Yiuf.
Crazy Yiuf screams, "Gnoll!
Mugger action blue."
Crazy Yiuf hits you with a +4 quarterstaff of chaos!
Ouch! That really hurt!
You die...

############
#_________.#
#_________.#
#_______...###########++
##########'##...........
#..(.')))@.##......#..#.
##########g##...........
#.......g.G.†...........
#+#####'#####......#..#.
#..#).##...........
+..'..#####'#####++
####g###.......#
.G.##.......#
gg..##.......#


You could see a glass eye and Crazy Yiuf.

Vanquished Creatures
  An ufetubus (D)
  A bat skeleton (D)
  A goblin (D)
  A kobold (D)
  A quokka (D)
  A quokka zombie (D)
6 creatures vanquished.

Vanquished Creatures (others)
  4 foxfires (D)
4 creatures vanquished.

Grand Total: 10 creatures vanquished

Notes
Turn   | Place    | Note
-------+----------+-------------------------------------------
     0 | D        | Conn the Octopode Fire Elementalist began the quest for the
                  | Orb.
     0 | D        | Reached XP level 1. HP: 11/11 MP: 3/3
    44 | D        | Found a glowing golden altar of the Shining One.
    44 | D        | Found a glowing silver altar of Zin.
    44 | D        | Found a basalt altar of Yredelemnul.
    44 | D        | Found a shimmering altar of Xom.
    44 | D        | Found an ornate altar of the Wu Jian Council.
    44 | D        | Found a bloodstained altar of Trog.
    44 | D        | Found a shimmering blue altar of Sif Muna.
    44 | D        | Found a sacrificial altar of Ru.
    44 | D        | Found a stormy altar of Qazlal.
    44 | D        | Found an iron altar of Okawaru.
    44 | D        | Found a sparkling altar of Nemelex Xobeh.
    44 | D        | Found a burning altar of Makhleb.
    44 | D        | Found a viscous altar of Jiyva.
    44 | D        | Found a hazy altar of Hepliaklqana.
    44 | D        | Found an opulent altar of Gozag.
    44 | D        | Found a blossoming altar of Fedhas.
    44 | D        | Found a white marble altar of Elyvilon.
    44 | D        | Found a shadowy altar of Dithmenos.
    44 | D        | Found a snail-covered altar of Cheibriados.
    45 | D        | Found a radiant altar of Vehumet.
    45 | D        | Found a corrupted altar of Lugonu.
    45 | D        | Found a roughly hewn altar of Beogh.
    46 | D        | Found an ancient bone altar of Kikubaaqudgha.
    46 | D        | Found a hide-covered altar of Uskayaw.
    46 | D        | Found a broken altar of Ashenzari.
    49 | D        | Became a worshipper of Sif Muna the Loreminder
    68 | D        | Reached * piety under Sif Muna
    69 | D        | Reached XP level 2. HP: 15/18 MP: 3/5
    73 | D        | Learned a level 2 spell: Scorch
    92 | D        | Noticed a glass eye
    94 | D        | Noticed Crazy Yiuf
   105 | D        | Reached skill level 1 in Invocations
   106 | D        | Slain by Crazy Yiuf

Illustrated notes

Levels and vault maps discovered:
D:        pitsprint [storerooms_1, entrance_room_1, metal_vault_2, armoury_2,
          mini_pit_1, grid_room_1, main_hall_1, silver_pit, the_coven_2,
          the_vestibule_1, steel_vault_5, golden_pit, hallway_of_sentries,
          crystal_vault_2, iron_vault_3, final_vault]

Skill      XL: |  1  2 |
---------------+-------+-----
Stealth        | 3 |  3.3
Conjurations   | 2 |  2.0
Invocations    | 1 |  1.0
Fighting       | |  0.9
Dodging        | |  2.4
Spellcasting   | |  2.7
Fire Magic     | |  3.6

Action                     || total
---------------------------++-------
  Melee: Falchion          ||     9
         Constrict         ||     3
         Unarmed           ||     1
         Tentacles         ||     1
   Cast: Foxfire           ||     2
         Scorch            ||     2
    Use: Potion            ||     1
   Stab: Sleeping          ||     3
 Armour: Skin              ||    16
  Dodge: Dodged            ||    14

Table legend: (Time is in decaauts)
 A = Elapsed time spent in this place.
 B = Non-inter-level travel time spent in this place.
 C = Inter-level travel time spent in this place.
 D = Time resting spent in this place.
 E = Time spent auto-exploring this place.
 F = Levels seen in this place.
 G = Mean time per level.
                   A        B        C        D        E       F      G
               +--------+--------+--------+--------+--------+-----+--------+
         Total |    107 |    107 |      0 |     18 |      0 |   1 |  107.0 |
       Dungeon |    107 |    107 |      0 |     18 |      0 |   1 |  107.0 |
               +--------+--------+--------+--------+--------+-----+--------+

Top non-repeatable levels by time:
       D: 107 daAuts
